 Dungeon Crawl Stone Soup version 0.17.2-1-ge4368a0 (webtiles) character file.

25 Goblin1989 the Bolt Thrower (level 2, -10/26 HPs)
             Began as a Minotaur Hunter on Sept 20, 2016.
             Was an Initiate of Okawaru.
             Killed from afar by Terence (11 damage)
             ... with a wand of flame
             ... on level 2 of the Dungeon.
             The game lasted 00:04:07 (1122 turns).

Goblin1989 the Bolt Thrower (Minotaur Hunter)       Turns: 1122, Time: 00:04:07

Health: -10/26     AC:  5    Str: 16    XL:     2   Next: 86%
Magic:  1/1        EV: 11    Int:  8    God:    Okawaru [......]
Gold:   88         SH:  0    Dex: 10    Spells: 0 memorised, 1 level left

rFire  . . .     SeeInvis .     a - +1 hand crossbow
rCold  . . .     Clarity  .     f - +0 ring mail
rNeg   . . .     SustAt   .     (no shield)
rPois  .         Gourm    .     (helmet restricted)
rElec  .         Spirit   .     (no cloak)
rCorr  .         Warding  .     (no gloves)
rMut   .         Stasis   .     (no boots)
MR     .....                    (no amulet)
Stlth  +.........               (no ring)
                                (no ring)

@: hasted, very quick, not resistant to hostile enchantments, very unstealthy
A: retaliatory headbutt, horns 2
a: Renounce Religion


You were on level 2 of the Dungeon.
You worshipped Okawaru.
Okawaru was noncommittal.
You were hungry.

You visited 1 branch of the dungeon, and saw 2 of its levels.

You collected 88 gold pieces.

Inventory:

Hand Weapons
 a - a +1 hand crossbow (weapon)
 b - a +0 short sword
 l - a -3 hand axe
Missiles
 d - 15 bolts (quivered)
Armour
 f - a +0 ring mail (worn)
Jewellery
 p - an uncursed amulet of resist mutation {unknown}
Scrolls
 j - 2 scrolls of remove curse
Potions
 g - a potion of magic {unknown}
 k - a potion of haste
 m - a potion of might {unknown}
 n - a potion of ambrosia {unknown}
 o - a potion of curing {unknown}
 q - a potion of experience {unknown}
Comestibles
 c - 2 meat rations
 e - 2 bread rations
 h - a slice of pizza
 i - a beef jerky


   Skills:
 - Level 3.6 Fighting
 + Level 1.6 Axes
 - Level 4.3 Crossbows
 - Level 2.1 Dodging
 - Level 0.8 Stealth


You had one spell level left.
You didn't know any spells.

Dungeon Overview and Level Annotations

Branches:
Dungeon (2/15)

Altars:
Okawaru

Annotations:
D:2 Terence


Innate Abilities, Weirdness & Mutations

You reflexively headbutt those who attack you in melee.
You have a pair of horns on your head.


Message History

The bolt hits Terence but does no damage.
Terence is heavily wounded.
Firing (i - inventory):
d - 16 bolts (quivered)
Press: ? - help, Shift-Dir - straight line, f/p - Terence
Aim: Terence, wielding a mace of crushing, wearing a scale mail and carrying a wand of flame {zapped: 3} (heavily wounded)
You shoot a bolt. The bolt completely misses Terence.
Terence zaps a wand.
The puff of flame hits you!
* * * LOW HITPOINT WARNING * * *
You take 11 damage, and have 1/26 hp.
MASSIVE DAMAGE!!
Firing (i - inventory):
d - 15 bolts (quivered)
Press: ? - help, Shift-Dir - straight line, f/p - Terence
Aim: Terence, wielding a mace of crushing, wearing a scale mail and carrying a wand of flame {zapped: 4} (heavily wounded)
Okay, then.
Drink which item? (? for menu, Esc to quit)
It was a potion of haste.
You feel yourself speed up.
Terence zaps a wand.
The puff of flame hits you!
You die...

#.#....##.# #...#.....##
###....#.... ###.#.#.###
#........## #..........
#...#.##.##
####.#########..........
#((.(@.@....##(.#####.##
.....######.##..#####.#
..# #.##........#
#.....#######
#.######...# #.........#
#.######...# #####


You could see Terence.

Vanquished Creatures
  A worm (D:2)
  5 bats
  3 giant cockroaches
  A goblin (D:2)
  2 hobgoblins
  A ball python (D:1)
  A giant newt (D:1)
  3 kobolds
  6 rats
23 creatures vanquished.

Notes
Turn   | Place    | Note
--------------------------------------------------------------
     0 | D:1      | Goblin1989 the Minotaur Hunter began the quest for the Orb.
     0 | D:1      | Reached XP level 1. HP: 18/18 MP: 0/0
   450 | D:1      | Reached XP level 2. HP: 26/26 MP: 1/1
   887 | D:2      | Found an iron altar of Okawaru.
   891 | D:2      | Reached skill level 1 in Axes
   920 | D:2      | Became a worshipper of Warmaster Okawaru
  1114 | D:2      | Noticed Terence
  1121 | D:2      | HP: 1/26 [Terence/wand of flame (11)]
  1122 | D:2      | Killed from afar by Terence

Action                   || total
-------------------------++-------
Melee: Short sword       ||    58
 Fire: Hand crossbow     ||     5
  Use: Scroll            ||     2
       Potion            ||     1
